 Dungeon Crawl Stone Soup version 0.14-a0-226-gcf818b1 (webtiles) character file.

670 Malachi the Poker (level 6, -3/46 HPs)
             Began as a Demonspawn Abyssal Knight on Oct 10, 2013.
             Was a Priest of Lugonu.
             Slain by an ogre
             ... wielding a +0,+0 giant spiked club
              (28 damage)
             ... on Level 5 of the Dungeon.
             The game lasted 00:09:17 (3621 turns).

Malachi the Poker (Demonspawn Abyssal Knight)       Turns: 3621, Time: 00:09:18

HP  -3/46        AC 13     Str 12      XL: 6   Next: 81%
MP  10/10        EV  9     Int 16      God: Lugonu [***...]
Gold 204         SH  0     Dex 10      Spells:  1 memorised,  4 levels left

Res.Fire  : . . .   See Invis. : .   k - -2,+0 dire flail (curse)
Res.Cold  : . . .   Warding    : .   r - +0 elf ring mail
Life Prot.: . . .   Conserve   : .   (no shield)
Res.Poison: .       Res.Corr.  : .   (no helmet)
Res.Elec. : .       Clarity    : .   (no cloak)
Sust.Abil.: . .     Spirit.Shd : .   q - +0 pair of gauntlets (curse)
Res.Mut.  : .       Stasis     : .   (no boots)
Res.Rott. : .       Flight     : .   p - amulet of rage
Saprovore : . . .                    (no ring)
                                     (no ring)

@: slightly resistant to hostile enchantments, very unstealthy
A: powered by pain 1, AC +7, Dex -2
a: Depart the Abyss, Bend Space, Banish, Renounce Religion, Evoke Berserk Rage


You were on level 5 of the Dungeon.
You worshipped Lugonu.
Lugonu was most pleased with you.
You were not hungry.

You visited 1 branch of the dungeon, and saw 5 of its levels.
You visited the Abyss 1 time.

You collected 184 gold pieces.

Inventory:

Hand weapons
 a - a +2,+3 spear
 k - a cursed -2,+0 dire flail (weapon)
Armour
 b - a +0 leather armour
 q - a cursed +0 pair of gauntlets (worn)
 r - a +0 elven ring mail (worn)
Comestibles
 c - 4 bread rations
 g - a pear
 i - 3 meat rations
 j - a choko
 t - 2 chunks of worker ant flesh
Scrolls
 d - 3 scrolls of amnesia
 e - a scroll of recharging
 f - 3 scrolls of identify
 o - 2 scrolls of fog
 u - a scroll of immolation {unknown}
Jewellery
 p - an amulet of rage (around neck)
 s - a +3 ring of evasion
Potions
 h - a potion of mutation
Books
 l - Kikubaaqudgha's Collected Works on Sinister Rituals
   (You found it on level 3 of the Dungeon)

   Spells                             Type                      Level
   Animate Skeleton                   Necromancy                   1
 m - Sif Muna's Catalogue of Companions
   (You found it on level 3 of the Dungeon)

   Spells                             Type                      Level
   *Summon Butterflies                Summoning                    1
 n - Vehumet's Handbook of Conjuration
   (You found it on level 3 of the Dungeon)

   Spells                             Type                      Level
   Magic Dart                         Conjuration                  1


   Skills:
 - Level 3.1 Fighting
 * Level 6.0 Polearms
 - Level 1.7 Armour
 - Level 0.8 Dodging
 - Level 1.4 Stealth
 + Level 4.3 Invocations


You had 4 spell levels left.
You knew the following spells:

 Your Spells              Type           Power        Failure   Level  Hunger
a - Summon Butterflies    Summ           #.......     24%         1    ##.....


Dungeon Overview and Level Annotations

Branches:
Dungeon (5/27)
 Temple: D:4-7

Altars:
Kikubaaqudgha
Nemelex Xobeh
Sif Muna
Vehumet


Innate Abilities, Weirdness & Mutations

You are mostly covered in rough black scales (AC +7, Dex -2).
You sometimes gain a little power by taking damage.


Message History

Things that are here:
an orcish leather armour; an orc corpse You offer a prayer to Lugonu.
The orc corpse is consumed by the void.
Lugonu is most pleased with you.
HP restored.
An ogre comes into view. It is wielding a giant spiked club.
The ogre shouts!
An ogre is nearby!
An ogre is nearby!
An ogre is nearby!
An ogre is nearby!
The ogre barely misses you.
You barely miss the ogre.
The ogre hits you with a giant spiked club!
You puncture the ogre!
The ogre is moderately wounded.
The ogre hits you with a giant spiked club!
Ouch! That really hurt!
You die...

...# . ......# ..# ....
.......###...# P......
................P≈≈P....
..................P......
.........................
.........................
#.........................
#......O@................
##........)..............
##......................
##.....................
##...................#
##.........[.......##
##...............##
#################


You could see an ogre.

Vanquished Creatures
  Edmund (D:4)
  A centaur skeleton (D:4)
  A scorpion (D:4)
  4 worker ants
  A worker ant zombie (D:4)
  6 gnolls (D:4)
  4 adders
  A giant mite (D:1)
  A worm (D:2)
  2 giant geckos
  2 oozes
  6 orcs
  11 bats
  4 giant cockroaches
  9 goblins
  10 hobgoblins
  9 kobolds
  3 giant newts
  A goblin skeleton (D:2)
  A hobgoblin skeleton (D:4)
  An orc skeleton (D:5)
  8 rats
87 creatures vanquished.

Notes
Turn   | Place    | Note
--------------------------------------------------------------
     0 | Abyss:1  | Malachi, the Demonspawn Abyssal Knight, began the quest for the Orb.
     0 | Abyss:1  | Reached XP level 1. HP: 16/16 MP: 1/1
    38 | Abyss:1  | Noticed a neqoxec
    38 | D:1      | Escaped the Abyss
   118 | D:1      | Acquired Lugonu's first power
   163 | D:1      | Gained mutation: You are partially covered in rough black scales (AC +4, Dex -1). [demonic ancestry]
   163 | D:1      | Reached XP level 2. HP: 12/22 MP: 2/2
   492 | D:1      | Gained mutation: You are mostly covered in rough black scales (AC +7, Dex -2). [demonic ancestry]
   492 | D:1      | Reached XP level 3. HP: 28/28 MP: 4/4
   817 | D:2      | Acquired Lugonu's second power
  1304 | D:2      | Found a sparkling altar of Nemelex Xobeh.
  1433 | D:2      | Reached XP level 4. HP: 34/34 MP: 6/6
  1886 | D:3      | Reached skill level 1 in Stealth
  1928 | D:3      | Found an ancient bone altar of Kikubaaqudgha.
  1932 | D:3      | Identified Kikubaaqudgha's Collected Works on Sinister Rituals
  1936 | D:3      | Found a deep blue altar of Sif Muna.
  1940 | D:3      | Identified Sif Muna's Catalogue of Companions
  1944 | D:3      | Found a radiant altar of Vehumet.
  1948 | D:3      | Identified Vehumet's Handbook of Conjuration
  2045 | D:3      | Learned a level 1 spell: Summon Butterflies
  2331 | D:4      | Reached skill level 4 in Polearms
  2331 | D:4      | Gained mutation: You sometimes gain a little power by taking damage. [demonic ancestry]
  2331 | D:4      | Reached XP level 5. HP: 33/39 MP: 8/8
  2549 | D:4      | Found a sparkling altar of Nemelex Xobeh.
  3058 | D:4      | Reached skill level 5 in Polearms
  3060 | D:4      | Reached XP level 6. HP: 40/46 MP: 10/10
  3130 | D:4      | Noticed Edmund
  3154 | D:4      | Killed Edmund
  3226 | D:4      | Acquired Lugonu's third power
  3529 | D:5      | Entered Level 5 of the Dungeon
  3545 | D:5      | Reached skill level 6 in Polearms
  3621 | D:5      | Slain by an ogre

Action                   |  1- 3 |  4- 6 || total
-------------------------+-------+-------++-------
Melee: Spear             |   137 |   223 ||   360
       Dire flail        |       |    69 ||    69
Invok: Depart the Abyss  |     1 |       ||     1
  Use: Scroll            |       |    13 ||    13
       Potion            |       |     3 ||     3
 Stab: Distracted        |     1 |       ||     1
